 Dungeon Crawl Stone Soup version 0.23-a0-175-g97aacdb (console) character file.

11959 nht the Quickloader (level 11, -4/94 HPs)
             Began as a Minotaur Hunter on Sept 17, 2018.
             Was the Champion of Okawaru.
             Slain by a six-headed hydra (9 damage)
             ... on level 1 of the Lair of Beasts.
             The game lasted 00:26:42 (10726 turns).

nht the Quickloader (Minotaur Hunter)              Turns: 10726, Time: 00:26:42

Health: -4/94      AC: 17    Str: 20    XL:     11   Next: 56%
Magic:  14/14      EV:  8    Int:  8    God:    Okawaru [******]
Gold:   449        SH:  0    Dex: 11    Spells: 10/10 levels left

rFire    . . .     SeeInvis .   a - +0 arbalest
rCold    . . .     Gourm    .   (shield currently unavailable)
rNeg     + . .     Faith    .   B - +3 chain mail
rPois    +         Spirit   .   (helmet restricted)
rElec    .         Reflect  .   (no cloak)
rCorr    .         Harm     .   s - +0 pair of gloves
MR       .....                  n - +1 pair of boots
Stlth    ..........             (no amulet)
HPRegen  0.25/turn              t - ring of poison resistance
MPRegen  0.14/turn              D - ring of positive energy

@: no status effects
A: retaliatory headbutt, horns 2
a: Heroism, Finesse, Renounce Religion


You were on level 1 of the Lair of Beasts.
You worshipped Okawaru.
Okawaru was exalted by your worship.
You were hungry.

You visited 4 branches of the dungeon, and saw 13 of its levels.

You collected 1011 gold pieces.
You spent 562 gold pieces at shops.

Inventory:

Hand Weapons
 a - a +0 arbalest (weapon)
 b - the +5 quarterstaff of Contention {speed, Dex+3}
   (You bought it in a shop on level 5 of the Dungeon)

   Attacks with this weapon are significantly faster.
   It affects your dexterity (+3).
 c - a cursed +0 broad axe
 G - the +3 rapier of Cicsitir {holy, MP-9 Str+8 SInv Stlth+}
   (You found it on level 7 of the Dungeon)

   It has been blessed by the Shining One to cause great damage to the undead
   and demons.
   It affects your strength (+8).
   It affects your magic capacity (-9).
   It lets you see invisible.
   It makes you more stealthy.
Missiles
 d - 155 bolts (quivered)
Armour
 n - a +1 pair of boots (worn)
 s - a +0 pair of gloves (worn)
 A - a cursed +0 ring mail
 B - a +3 chain mail (worn)
Jewellery
 h - an uncursed ring of protection from cold
 t - a ring of poison resistance (left hand)
 D - a ring of positive energy (right hand)
Wands
 g - a wand of digging (11)
 y - a wand of flame (40)
Scrolls
 i - 15 scrolls of teleportation
 l - 3 scrolls of amnesia
 r - 4 scrolls of fear
 u - 3 scrolls of enchant armour
 w - 2 scrolls of blinking
 z - a scroll of fog
 C - 2 scrolls of enchant weapon
 E - 7 scrolls of remove curse
 H - 5 scrolls of identify
 M - a scroll of magic mapping
Potions
 e - a potion of magic
 j - 2 potions of resistance
 k - 3 potions of heal wounds
 m - 3 potions of haste
 p - 2 potions of brilliance
 q - 5 potions of flight
 v - 4 potions of curing
 x - a potion of lignification
 F - a potion of invisibility
 L - a potion of agility
Miscellaneous
 K - a crystal ball of energy
Comestibles
 f - 27 rations


   Skills:
 - Level 8.0 Fighting
 - Level 9.0 Axes
 * Level 13.8 Crossbows
 - Level 8.6 Armour
 - Level 2.1 Dodging
 - Level 0.7 Stealth
 - Level 6.0 Invocations


You had 10 spell levels left.
You didn't know any spells.
Your spell library contained the following spells:

 Spells                   Type           Power        Failure   Level  Hunger
 Corpse Rot               Necr           N/A          99%         2    ###....
 Stone Arrow              Conj/Erth      #.....       100%        3    ####...
 Leda's Liquefaction      Hex/Erth       #.........   100%        4    #####..
 Summon Forest            Summ/Tloc      #.........   100%        5    ######.
 Hydra Form               Tmut           #.........   100%        6    #######
 Summon Hydra             Summ           #.........   100%        7    #######


Dungeon Overview and Level Annotations

Branches:
Dungeon (10/15)            Temple (1/1) D:4            Lair (1/6) D:10
    Orc (1/2) D:9

Altars:
Ashenzari
Cheibriados
Dithmenos
Elyvilon
Fedhas
Gozag
Hepliaklqana
Kikubaaqudgha
Makhleb
Nemelex Xobeh
Okawaru
Qazlal
Ru
Sif Muna
Trog
Uskayaw
Vehumet
Wu Jian
Xom
Yredelemnul
Zin
The Shining One

Shops:
D:5 (   D:9 %?**   D:10 :

Annotations:
D:6 exclusion: 2 doors
Orc:1 3 runed doors, Tubeyxat's ghost, journeyman HOMo; Xarrath's ghost, journeyman CeBe


Innate Abilities, Weirdness & Mutations

You reflexively headbutt those who attack you in melee.
You have a pair of horns on your head.


Message History

You shoot a bolt. The bolt hits the six-headed hydra!
The six-headed hydra is almost dead.
The six-headed hydra bites you.
The six-headed hydra bites you but does no damage. x2
The six-headed hydra completely misses you.
The six-headed hydra bites you! x2
* * * LOW HITPOINT WARNING * * *
Firing (i - inventory)
d - 156 bolts (quivered)
Press: ? - help, Shift-Dir - straight line, f/p - six-headed hydra
Aim: a six-headed hydra (almost dead)
You shoot a bolt. The bolt hits the six-headed hydra!
The six-headed hydra is almost dead.
The six-headed hydra bites you!
* * * LOW HITPOINT WARNING * * *
The six-headed hydra bites you but does no damage.
The six-headed hydra bites you!
* * * LOW HITPOINT WARNING * * *
The six-headed hydra completely misses you.
The six-headed hydra bites you!
You die...

.....................███
.......
.....................█
.....█
.████.█............███
..██ ██ ██████........██
██ █.█.█....████..██
██...██.██......█
█.8....██......█
██........██...█
█..███.@D(....█
██...█.█.....(... ██
█.....███....8.. .█
██.█.....██...... .█
███...>..<..█.8...8 ██
██..........██...... .█
█...██.....█.....8.. .██
███...█..............
..█ █.█..██.........███


You could see a six-headed hydra.

Vanquished Creatures
  A hydra (Lair:1)
  An orc sorcerer (Orc:1)
  Joseph (D:8)
  A centaur zombie (D:10)
  A gargoyle (D:10)
  2 spiny frogs (Lair:1)
  A kobold demonologist (D:10)
  A komodo dragon (Lair:1)
  A troll (D:10)
  A meliai zombie (D:10)
  A wyvern (D:8)
  8 orc warriors
  16 yaks
  A human (D:8)
  Grum (D:8)
  Menkaure (D:6)
  A porcupine (Lair:1)
  Duvessa (D:6)
  2 black bears
  2 eyes of draining
  3 sky beasts
  A gnoll shaman (D:10)
  2 necrophages (D:9)
  3 phantoms
  6 wolves
  2 ogres
  3 centaurs
  2 bullfrogs (D:10)
  A wyvern zombie (D:9)
  Dowan (D:6)
  2 scorpions (D:10)
  5 wights (D:9)
  4 killer bees
  3 howler monkeys (D:9)
  6 crimson imps
  A centaur skeleton (D:10)
  A bullfrog skeleton (D:5)
  A quasit (D:6)
  8 orc priests
  4 hounds
  2 jellies
  12 orc wizards
  4 iguanas
  4 worker ants
  A killer bee zombie (D:10)
  A hound zombie (D:7)
  A worker ant zombie (D:6)
  10 adders
  3 gnolls (D:10)
  3 shadow imps
  2 oozes
  2 adder skeletons (D:6)
  3 worms
  A dart slug (D:1)
  7 leopard geckos
  46 orcs
  A ball python (D:4)
  13 bats
  7 giant cockroaches
  5 hobgoblins
  7 jackals
  13 kobolds
  7 quokkas
  6 frilled lizards
  9 goblins
  A jackal skeleton (D:5)
  A jackal zombie (D:6)
  2 quokka skeletons (D:4)
  11 rats
  19 plants (D:10)
308 creatures vanquished.

Vanquished Creatures (collateral kills)
  A yak (D:9)
  An orc warrior (D:9)
  An ogre (D:9)
  2 orc priests (D:9)
  2 orc wizards (D:10)
  2 orcs (D:10)
9 creatures vanquished.

Vanquished Creatures (others)
  An orc warrior (D:9)
  A black bear (D:10)
  2 fungi (Lair:1)
  A withered plant (Orc:1)
5 creatures vanquished.

Grand Total: 322 creatures vanquished

Notes
Turn   | Place    | Note
-------+----------+-------------------------------------------
     0 | D:1      | nht the Minotaur Hunter began the quest for the Orb.
     0 | D:1      | Reached XP level 1. HP: 18/18 MP: 0/0
   106 | D:1      | Reached XP level 2. HP: 25/25 MP: 1/1
   124 | D:1      | Reached skill level 5 in Crossbows
   317 | D:1      | Reached XP level 3. HP: 30/30 MP: 2/2
   935 | D:2      | Reached skill level 6 in Crossbows
  1019 | D:2      | Reached XP level 4. HP: 37/37 MP: 3/3
  1542 | D:3      | Found a sacrificial altar of Ru.
  1693 | D:3      | Reached skill level 1 in Axes
  1707 | D:3      | Reached XP level 5. HP: 25/42 MP: 4/4
  1832 | D:3      | Found a faded altar of an unknown god.
  2121 | D:4      | Found a shattered altar of Ashenzari.
  2527 | D:4      | Found a staircase to the Ecumenical Temple.
  2584 | Temple   | Entered the Ecumenical Temple
  3080 | D:5      | Entered Level 5 of the Dungeon
  3082 | D:5      | Noticed an ogre
  3228 | D:5      | Reached XP level 6. HP: 50/50 MP: 5/5
  3265 | D:5      | Found an iron altar of Okawaru.
  3274 | D:5      | Became a worshipper of Warmaster Okawaru
  3292 | D:5      | Found a white marble altar of Elyvilon.
  3369 | D:5      | Reached skill level 5 in Axes
  3461 | D:5      | Noticed a sky beast
  3470 | D:5      | Killed a sky beast
  3470 | D:5      | Reached * piety under Okawaru
  3470 | D:5      | Reached XP level 7. HP: 34/56 MP: 6/6
  3920 | D:5      | Found Jakk's Antique Weapon Shop.
  3965 | D:5      | Bought a translucent quarterstaff for 261 gold pieces
  3965 | D:5      | Identified the +5 quarterstaff of Contention {speed, Dex+3}
                  | (You bought it in a shop on level 5 of the Dungeon)
  3987 | D:6      | Reached skill level 7 in Crossbows
  4266 | D:6      | Reached skill level 8 in Crossbows
  4555 | D:6      | Noticed Menkaure
  4558 | D:6      | Killed Menkaure
  4558 | D:6      | Reached XP level 8. HP: 50/62 MP: 7/7
  4578 | D:7      | Reached ** piety under Okawaru
  4578 | D:7      | Reached skill level 9 in Crossbows
  5028 | D:6      | Noticed Duvessa
  5028 | D:6      | Noticed Dowan
  5034 | D:6      | Killed Dowan
  5041 | D:6      | Killed Duvessa
  5041 | D:6      | Reached skill level 10 in Crossbows
  5066 | D:6      | Reached skill level 1 in Armour
  5066 | D:6      | Reached skill level 1 in Invocations
  5678 | D:7      | Found a faded altar of an unknown god.
  5678 | D:7      | Found a radiant altar of Vehumet.
  5706 | D:7      | Got an ancient rapier
  5720 | D:7      | Found a shimmering altar of Xom.
  6043 | D:7      | Found a faded altar of an unknown god.
  6045 | D:7      | Found an ancient bone altar of Kikubaaqudgha.
  6046 | D:7      | Found a stormy altar of Qazlal.
  6104 | D:8      | Got a jewelled leather armour
  6123 | D:7      | Identified the cursed +0 leather armour "Miroef" {Dex+5
                  | Stlth+} (You found it on level 8 of the Dungeon)
  6123 | D:7      | Identified the +3 rapier of Cicsitir {holy, MP-9 Str+8 SInv
                  | Stlth+} (You found it on level 7 of the Dungeon)
  6149 | D:8      | Noticed Grum
  6153 | D:8      | Reached *** piety under Okawaru
  6161 | D:8      | Received a gift from Okawaru
  6161 | D:8      | Reached XP level 9. HP: 49/72 MP: 4/10
  6188 | D:8      | Reached skill level 5 in Fighting
  6195 | D:8      | Killed Grum
  6416 | D:8      | Noticed Joseph
  6426 | D:8      | Killed Joseph
  6426 | D:8      | Reached skill level 5 in Armour
  6466 | D:8      | Found a shadowy altar of Dithmenos.
  6679 | D:8      | Reached **** piety under Okawaru
  6823 | D:9      | Received a gift from Okawaru
  6823 | D:9      | Reached skill level 5 in Invocations
  6928 | D:9      | Received a gift from Okawaru
  6967 | D:9      | Received a gift from Okawaru
  6967 | D:9      | Reached XP level 10. HP: 43/86 MP: 13/13
  7096 | D:9      | Found a staircase to the Orcish Mines.
  7297 | D:9      | Found Viomott's General Store.
  7350 | D:9      | Found Losubair's General Store.
  7356 | D:9      | Bought a +0 arbalest for 63 gold pieces
  7356 | D:9      | Bought a potion of heal wounds for 70 gold pieces
  7423 | D:9      | Found Lecvimp's Food Boutique.
  7458 | D:9      | Reached ***** piety under Okawaru
  7458 | D:9      | Received a gift from Okawaru
  7555 | D:9      | Found Olyomel's Magic Scroll Boutique.
  7561 | D:9      | Bought a scroll of magic mapping for 49 gold pieces
  7561 | D:9      | Bought a scroll of fear for 49 gold pieces
  7561 | D:9      | Bought a scroll of teleportation for 42 gold pieces
  7561 | D:9      | Bought a scroll of identify for 28 gold pieces
  7734 | D:10     | Entered Level 10 of the Dungeon
  7877 | D:10     | Received a gift from Okawaru
  7877 | D:10     | Reached skill level 11 in Crossbows
  8012 | D:10     | Found Idoeri's Book Boutique.
  8073 | D:10     | Noticed a gargoyle
  8079 | D:10     | Killed a gargoyle
  8566 | D:10     | Found a staircase to the Lair.
  8574 | D:10     | Received a gift from Okawaru
  9062 | D:10     | Reached XP level 11. HP: 87/94 MP: 14/14
  9458 | Orc:1    | Entered Level 1 of the Orcish Mines
  9471 | Orc:1    | Found a runed gate.
  9698 | Orc:1    | Found a runed gate.
  9698 | Orc:1    | Found a runed gate.
  9698 | Orc:1    | Noticed Tubeyxat's ghost (journeyman HOMo)
  9699 | Orc:1    | Noticed Xarrath's ghost (journeyman CeBe)
  9705 | Orc:1    | Noticed an orc sorcerer
  9729 | Orc:1    | Paralysed by an orc sorcerer for 7 turns
  9737 | Orc:1    | Killed an orc sorcerer
  9737 | Orc:1    | Reached skill level 12 in Crossbows
  9764 | Orc:1    | Noticed an orc warlord
  9765 | Orc:1    | Noticed an orc sorcerer
  9861 | Lair:1   | Entered Level 1 of the Lair of Beasts
 10134 | Lair:1   | Noticed a seven-headed hydra
 10160 | Lair:1   | Killed a seven-headed hydra
 10160 | Lair:1   | Received a gift from Okawaru
 10160 | Lair:1   | Reached skill level 13 in Crossbows
 10176 | Lair:1   | Reached ****** piety under Okawaru
 10713 | Lair:1   | Noticed a six-headed hydra
 10726 | Lair:1   | Slain by a six-headed hydra

Vault maps used:
D:1:      roderic_dead_forest
D:2:      first_ration, minmay_misc_feat_columns
D:3:      hangedman_ru_absence, chequers_ecumenical_altar_lobes,
          hangedman_decor_push
D:4:      nicolae_overflow_crystal_walls, minmay_temple_entry_statues_fountains
D:5:      lemuel_crystal_altar, elyvilon_altar_4, serial_shops, shop
D:6:      cheibrodos_two_vegetables, uniq_menkaure, uniq_duvessa
D:7:      chequers_temple_overflow_minitemple, basic_altar
D:8:      nicolae_dithmenos_through_a_glass_darkly, grunt_pizzeria, uniq_joseph,
          uniq_grum
D:9:      david_orc_1_choice, serial_shops, shop, shop, shop_statue, shop,
          solitary_fountain, minivault_14, minmay_strange_pillars,
          eino_tiny_chamber
D:10:     wad_woods_structure_01, grunt_lair_entry_orc_guard_hut, serial_shops,
          nicolae_shop_crystal, minivault_22
Temple:   eino_narrow_crystal_temple
Lair:1:   grunt_forest_large_clearing_hut, grunt_megastairs_4
Orc:1:    basic_altar, gammafunk_ghost_cemetery

Skill      XL: |  1  2  3  4  5  6  7  8  9 10 11 |
---------------+----------------------------------+-----
Crossbows      | 5 6 8 10 11 13 | 13.8
Axes           | 1 4 6 7 9 |  9.0
Armour         | 3 6 8 |  8.6
Invocations    | 2 5 6 |  6.0
Fighting       | 4 7 8 |  8.0
Dodging        | |  2.1
Stealth        | |  0.7

Action                   |  1- 3 |  4- 6 |  7- 9 | 10-12 || total
-------------------------+-------+-------+-------+-------++-------
Melee: Hand axe          |       |   124 |    34 |       ||   158
       Headbutt          |       |    34 |    70 |   165 ||   269
       Short sword       |       |     2 |       |       ||     2
       Mace              |       |     1 |       |       ||     1
       Quarterstaff      |       |       |   251 |   535 ||   786
 Fire: Hand crossbow     |    75 |    55 |       |       ||   130
       Arbalest          |       |       |       |    21 ||    21
Evoke: Wand              |       |       |    34 |    29 ||    63
  Use: Scroll            |       |    13 |     7 |     2 ||    22
       Potion            |       |     3 |     1 |     1 ||     5
 Stab: Confused          |       |       |     2 |       ||     2
       Sleeping          |       |       |     2 |     4 ||     6
       Paralysed         |       |       |       |    15 ||    15
  Eat: Chunk             |       |     8 |    11 |    12 ||    31
Armor: Leather armour    |    13 |    10 |     9 |    15 ||    47
       Chain mail        |       |    45 |    93 |   171 ||   309
Dodge: Dodged            |    16 |    58 |   115 |   135 ||   324

Table legend:
 A = Non-vault XP
 B = Vault XP
 C = Vault XP percentage of total XP
 D = Non-vault monster count
 E = Vault monster count
 F = Vault count percentage of total count
                 A         B        C        D         E       F
            +---------+---------+-------+---------+---------+-------
      Total |   12610 |    4475 |  26.2 |     262 |      36 |  12.1
            +---------+---------+-------+---------+---------+-------
        D:1 |      48 |       0 |   0.0 |      31 |       0 |   0.0
        D:2 |      91 |       0 |   0.0 |      20 |       0 |   0.0
        D:3 |     119 |       0 |   0.0 |      31 |       0 |   0.0
        D:4 |     114 |       0 |   0.0 |      13 |       0 |   0.0
        D:5 |     532 |       0 |   0.0 |      22 |       0 |   0.0
        D:6 |     640 |     477 |  42.7 |      31 |       6 |  16.2
        D:7 |     645 |       0 |   0.0 |      16 |       0 |   0.0
        D:8 |     908 |    1136 |  55.6 |      11 |       6 |  35.3
        D:9 |    2648 |     571 |  17.7 |      33 |       8 |  19.5
       D:10 |    1330 |    1902 |  58.8 |      17 |      15 |  46.9
     Lair:1 |    4267 |     389 |   8.4 |      17 |       1 |   5.6
      Orc:1 |    1268 |       0 |   0.0 |      20 |       0 |   0.0
            +---------+---------+-------+---------+---------+-------
